AoeStats
← Santissima Trinidad

Arena

506167334Analyzed
4v4 RM · 18d ago on Sep 12, 2026· 74m 15s· 8 players
Game mode
Random Map
Map size
Large (8 player)
Population
200
Speed
Normal
Resources
Standard
Victory
Conquest
Starting age
Dark Age
Ending age
Imperial Age
RankedLock teamsTeams togetherTeam positionsShared explorationLock speedFull tech treeHidden civsTurbo modeCheats
Victory
Defeat
🇲🇽 Persians · Mexico
1152
+17
🇨🇦 Jurchens · Canada
1133
+18
🇨🇴 Bohemians · Colombia
1090
+20
🇷🇺 Persians · Russia
1083
+20
🇩🇪 Turks · Germany
1233
-22
🇩🇪 Britons · Germany
1188
-19
🇩🇪 Gurjaras · Germany
1165
-18
🇩🇪 Byzantines · Germany
1114
-16
Testing_123
11:19 Feudal Age
13:12 Loom
15:37 Castle Age
14:23 Double-Bit Axe
14:22 Horse Collar
15:45 Gold Mining
23:11 Wheelbarrow
22:27 Town Watch
23:15 Bow Saw
24:29 Heavy Plow
24:30 Stone Mining
26:44 Fletching
27:08 Bloodlines
27:02 Husbandry
26:35 Elite Skirmisher
27:28 Bodkin Arrow
29:08 Padded Archer Armor
35:21 Ballistics
36:57 Hand Cart
37:34 Fortified Wall
37:34 Pikeman
38:15 Squires
41:42 Imperial Age
41:51 Scale Mail Armor
42:02 Forging
41:46 Halberdier
44:20 Chemistry
43:27 Siege Engineers
43:50 Conscription
43:39 Bracer
43:40 Padded Archer Armor
45:49 Leather Archer Armor
50:35 Light Cavalry
51:50 Heavy Cavalry Archer
69:35 Chain Mail Armor
69:51 Ring Archer Armor
69:57 Iron Casting
69:31 Capped Ram
70:26 Siege Ram
71:00 Hussar
72:37 Gold Shaft Mining
73:47 Two-Man Saw
73:22 Crop Rotation
74:08 Scale Barding Armor
rusnexto
10:46 Feudal Age
11:02 Horse Collar
11:11 Double-Bit Axe
18:09 Castle Age
16:28 Gold Mining
21:13 Wheelbarrow
24:57 Heavy Plow
25:45 Hand Cart
26:26 Bloodlines
29:37 Scale Barding Armor
29:42 Forging
31:32 Chain Barding Armor
31:48 Iron Casting
31:03 Loom
31:24 Husbandry
39:18 Imperial Age
38:06 Bow Saw
37:23 Light Cavalry
38:48 Gold Shaft Mining
40:05 Conscription
39:14 Heavy Camel Rider
40:52 Crop Rotation
41:07 Cavalier
41:51 Hussar
43:10 Plate Barding Armor
43:36 Blast Furnace
42:32 Savar
49:30 Elite War Elephant
50:20 Town Watch
60:33 Padded Archer Armor
60:24 Fletching
61:38 Chemistry
60:59 Ballistics
60:51 Crossbowman
61:41 Thumb Ring
61:55 Bodkin Arrow
62:40 Kamandaran
63:14 Leather Archer Armor
andres.sojo2809
4:27 Loom
11:05 Feudal Age
11:34 Double-Bit Axe
11:31 Horse Collar
15:42 Wheelbarrow
18:17 Castle Age
18:47 Town Watch
19:31 Heavy Plow
19:42 Bow Saw
23:26 Fletching
24:23 Bodkin Arrow
30:39 Imperial Age
33:37 Conscription
35:58 Bracer
35:47 Elite Hussite Wagon
36:50 Padded Archer Armor
38:28 Two-Man Saw
41:42 Chemistry
42:30 Hand Cart
42:16 Town Patrol
42:33 Scale Barding Armor
42:38 Forging
42:52 Ballistics
45:34 Husbandry
44:56 Light Cavalry
46:00 Chain Barding Armor
46:16 Iron Casting
47:46 Wagenburg Tactics
50:34 Houfnice
52:32 Blast Furnace
53:03 Siege Engineers
53:11 Fortified Wall
52:58 Murder Holes
53:16 Masonry
56:46 Leather Archer Armor
62:27 Caravan
luisignaciogh
14:42 Feudal Age
15:56 Wheelbarrow
15:26 Loom
15:31 Double-Bit Axe
15:35 Horse Collar
16:14 Stone Mining
18:59 Castle Age
18:16 Gold Mining
20:32 Bow Saw
31:26 Imperial Age
31:38 Husbandry
31:49 Bloodlines
32:03 Conscription
31:16 Cavalier
32:55 Forging
32:51 Scale Barding Armor
35:12 Iron Casting
36:12 Savar
36:54 Town Watch
38:54 Blast Furnace
42:50 Kamandaran
42:58 Heavy Plow
45:19 Light Cavalry
46:31 Hand Cart
47:13 Crossbowman
47:29 Hussar
47:38 Elite Skirmisher
48:31 Town Patrol
49:33 Two-Man Saw
50:17 Thumb Ring
51:15 Chemistry
51:39 Murder Holes
52:09 Ballistics
52:48 Fletching
52:58 Padded Archer Armor
53:22 Chain Barding Armor
53:03 Scale Mail Armor
56:42 Caravan
57:06 Elite War Elephant
58:53 Citadels
67:55 Crop Rotation
69:15 Pikeman
69:40 Arson
69:22 Man-at-Arms
70:04 Squires
69:50 Gambesons
70:18 Halberdier
73:59 Capped Ram
phanTom9529
2:35 Loom
12:34 Feudal Age
17:47 Castle Age
17:05 Horse Collar
19:11 Double-Bit Axe
25:25 Crossbowman
29:45 Scale Mail Armor
29:58 Forging
29:54 Scale Barding Armor
31:13 Husbandry
32:18 Gold Mining
33:59 Iron Casting
34:22 Wheelbarrow
37:04 Gold Shaft Mining
40:26 Imperial Age
40:02 Hand Cart
39:25 Pikeman
40:09 Scale Mail Armor
42:58 Heavy Camel Rider
44:37 Halberdier
45:18 Elite Skirmisher
46:45 Chain Barding Armor
46:28 Padded Archer Armor
46:18 Fletching
46:45 Chain Mail Armor
49:59 Squires
65:04 Arson
70:58 Bow Saw
70:57 Heavy Plow
72:16 Plate Mail Armor
72:03 Leather Archer Armor
Santissima Trinidad
2:27 Loom
10:12 Feudal Age
14:04 Castle Age
12:41 Double-Bit Axe
20:04 Wheelbarrow
19:55 Horse Collar
20:35 Heavy Plow
20:46 Loom
21:38 Bow Saw
21:20 Gold Mining
21:23 Stone Mining
24:05 Gold Shaft Mining
23:34 Crossbowman
24:06 Fletching
29:52 Imperial Age
28:44 Bodkin Arrow
28:51 Padded Archer Armor
29:24 Ballistics
29:12 Treadmill Crane
30:25 Coinage
29:57 Caravan
31:06 Yeomen
31:18 Conscription
31:53 Arbalester
33:09 Hand Cart
35:15 Chemistry
35:49 Leather Archer Armor
35:35 Bracer
38:36 Ring Archer Armor
38:18 Light Cavalry
38:58 Husbandry
39:09 Pikeman
39:49 Squires
39:35 Arson
40:46 Halberdier
41:28 Scale Mail Armor
41:39 Forging
42:26 Chain Mail Armor
44:49 Plate Mail Armor
44:55 Iron Casting
54:31 Onager
54:47 Capped Ram
73:25 Fortified Wall
TisButAScratch
12:19 Feudal Age
13:30 Loom
16:50 Castle Age
15:53 Double-Bit Axe
15:55 Horse Collar
21:52 Imperial Age
21:31 Padded Archer Armor
21:53 Bow Saw
31:47 Wheelbarrow
34:22 Gold Mining
36:30 Hand Cart
36:55 Leather Archer Armor
36:30 Fletching
38:09 Gold Shaft Mining
38:03 Stone Mining
38:44 Ring Archer Armor
39:50 Town Watch
43:48 Bloodlines
43:39 Husbandry
45:28 Bodkin Arrow
45:43 Forging
45:39 Scale Barding Armor
51:52 Chain Barding Armor
52:07 Iron Casting
55:42 Plate Barding Armor
62:48 Blast Furnace
65:11 Heavy Plow
66:13 Two-Man Saw
71:14 Conscription
MCSwagger
10:39 Feudal Age
15:25 Castle Age
14:25 Horse Collar
14:37 Double-Bit Axe
17:36 Bow Saw
19:57 Heavy Plow
21:17 Caravan
25:17 Wheelbarrow
30:27 Bloodlines
30:29 Forging
30:25 Scale Barding Armor
30:25 Gold Mining
31:01 Hand Cart
31:16 Light Cavalry
33:18 Iron Casting
33:03 Chain Barding Armor
41:43 Imperial Age
42:09 Husbandry
44:18 Heavy Camel Rider
44:19 Hussar
47:14 Plate Barding Armor
47:11 Elite Shrivamsha Rider
69:49 Conscription
69:53 Frontier Guards
70:11 Conscription
70:04 Kshatriyas
70:22 Conscription
Connection lost

Rejoining the realm…

Still unreachable

The connection could not be restored.

Session expired

The server has moved on; the page needs a fresh start.